 Dungeon Crawl Stone Soup version 0.23-a0-712-g3a644c0 (console) character file.

280 Voker57 the Slasher (level 6, -1/70 HPs)
             Began as a Demonspawn Gladiator on Jan 15, 2019.
             Killed from afar by an orc wizard (8 damage)
             ... with a magic dart
             ... on level 4 of the Dungeon.
             The game lasted 00:02:24 (2486 turns).

Voker57 the Slasher (Demonspawn Gladiator)          Turns: 2486, Time: 00:02:24

Health: -1/70      AC:  3    Str: 19    XL:     6   Next: 5%
Magic:  6/6        EV: 14    Int:  9    God:
Gold:   244        SH:  0    Dex: 17    Spells: 5/5 levels left

rFire    . . .     SeeInvis .   a - +0 long sword
rCold    . . .     Gourm    .   (no shield)
rNeg     . . .     Faith    .   b - +0 leather armour
rPois    .         Spirit   .   (helmet restricted)
rElec    .         Reflect  .   (no cloak)
rCorr    .         Harm     .   (no gloves)
MR       .....                  (no boots)
Stlth    ..........             (no amulet)
HPRegen  0.21/turn              h - ring of flight
MPRegen  0.10/turn              (no ring)

@: berserking, slowed
A: antennae 1, claws 1, talons 1, nightstalker 1, powered by death 1
a: Evoke Flight


You were on level 4 of the Dungeon.
You were very hungry.

You visited 1 branch of the dungeon, and saw 4 of its levels.

You collected 244 gold pieces.

Inventory:

Hand Weapons
 a - a +0 long sword (weapon)
Missiles
 d - 3 throwing nets (quivered)
Armour
 b - a +0 leather armour (worn)
 c - a +0 helmet
Jewellery
 h - a ring of flight (left claw)
Scrolls
 i - a scroll of remove curse {unknown}
 k - a scroll of enchant armour {unknown}
 l - a scroll of fear {unknown}
 m - a scroll of magic mapping {unknown}
 n - a scroll of amnesia {unknown}
 o - 2 scrolls of immolation {unknown}
Potions
 e - a potion of berserk rage
 g - a potion of flight {unknown}
 j - a potion of might {unknown}
 p - a potion of curing {unknown}
Comestibles
 f - 6 rations


   Skills:
 + Level 3.5 Fighting
 * Level 4.8 Long Blades
 - Level 1.7 Throwing
 + Level 3.8 Dodging


You had 5 spell levels left.
You didn't know any spells.
Your spell library was empty.

Dungeon Overview and Level Annotations

Branches:
Dungeon (4/15)
 Temple: D:4-7

Altars:
Gozag

Annotations:
D:3 Sigmund


Innate Abilities, Weirdness & Mutations

You have a pair of small antennae on your head.
You have sharp fingernails.
You have sharp toenails.
You are slightly more attuned to the shadows.
You regenerate a little health from kills.


Message History

The orc wizard casts a spell at you. The magic dart hits you!
The orc wizard gestures at you while chanting.
The magic dart hits you!
* * * LOW HITPOINT WARNING * * *
You hit the orc wizard.
The orc wizard is almost dead.
The orc wizard hits you but does no damage.
The orc wizard mumbles some strange words.
The orc wizard blinks!
The orc wizard points at you and mumbles some strange words.
The magic dart hits you!
* * * LOW HITPOINT WARNING * * *
You aren't carrying any items that you can evoke.
It was a potion of berserk rage.
A red film seems to cover your vision as you go berserk!
You feel yourself moving faster!
You feel mighty!
The orc wizard gestures at you while chanting.
The magic dart hits you!
You die...

#......# #
#......## ###..
.......###...#
...........#
#........#
#.).....##
##........####
..##.......?.)..#
......@..######....
....o...## ##.
........##
.........##
.....##...## ....#
###..# ...# ##.##
.. ##.### ##..##
##..##


You could see an orc wizard.

Vanquished Creatures
  2 hounds
  An orc priest (D:4)
  Jessica (D:3)
  Natasha (thrice) (D:3)
  4 adders
  An ooze (D:3)
  A worm (D:2)
  2 dart slugs (D:2)
  2 leopard geckos
  An orc (D:4)
  4 bats
  A giant cockroach (D:4)
  A goblin (D:3)
  5 hobgoblins
  3 jackals (D:1)
  2 frilled lizards
  8 kobolds
  A leopard gecko skeleton (D:2)
  4 rats
47 creatures vanquished.

Vanquished Creatures (others)
  A kobold (D:3)
1 creature vanquished.

Grand Total: 48 creatures vanquished

Notes
Turn   | Place    | Note
-------+----------+-------------------------------------------
     0 | D:1      | Voker57 the Demonspawn Gladiator began the quest for the
                  | Orb.
     0 | D:1      | Reached XP level 1. HP: 16/16 MP: 1/1
   129 | D:1      | Reached skill level 3 in Long Blades
   259 | D:1      | Gained mutation: You have a pair of small antennae on your
                  | head. [demonic ancestry]
   259 | D:1      | Reached XP level 2. HP: 22/22 MP: 2/2
   742 | D:2      | Gained mutation: You have sharp toenails. [demonic
                  | ancestry]
   742 | D:2      | Reached XP level 3. HP: 23/28 MP: 3/3
  1377 | D:3      | Found an opulent altar of Gozag.
  1377 | D:3      | Noticed Jessica
  1383 | D:3      | Killed Jessica
  1383 | D:3      | Gained mutation: You have sharp fingernails. [demonic
                  | ancestry]
  1383 | D:3      | Reached XP level 4. HP: 34/34 MP: 4/4
  1472 | D:3      | Reached skill level 4 in Long Blades
  1498 | D:3      | Noticed Natasha
  1504 | D:3      | Killed Natasha
  1659 | D:3      | Noticed Natasha
  1670 | D:3      | Killed Natasha
  1670 | D:3      | Gained mutation: You are slightly more attuned to the
                  | shadows. [demonic ancestry]
  1670 | D:3      | Reached XP level 5. HP: 23/41 MP: 5/5
  1881 | D:3      | Noticed Natasha
  1897 | D:3      | HP: 2/41 [white imp/puff of frost[Natasha] (4)]
  1904 | D:3      | Killed Natasha
  2035 | D:3      | Noticed Sigmund
  2464 | D:4      | Gained mutation: You regenerate a little health from kills.
                  | [demonic ancestry]
  2464 | D:4      | Reached XP level 6. HP: 45/47 MP: 6/6
  2486 | D:4      | Killed from afar by an orc wizard

Vault maps used:
D:1:      kennysheep_arrival_seaside
D:2:      first_ration, minmay_between
D:3:      nicolae_gozag_seed_capital, minmay_misc_feat_pillars, minivault_26,
          st_stairs_10, serial_bayou_lake_a, uniq_sigmund, uniq_jessica,
          uniq_natasha
D:4:      minmay_temple_entry_grid, serial_bayou_lagoon_a

Skill      XL: |  1  2  3  4 |
---------------+-------------+-----
Long Blades    | 3 4 |  4.8
Dodging        | 3 |  3.8
Fighting       | 3 |  3.5
Throwing       | |  1.7

Action                   |  1- 3 |  4- 6 || total
-------------------------+-------+-------++-------
Melee: Long sword        |    56 |    67 ||   123
       Kick              |     3 |    28 ||    31
  Use: Potion            |       |     3 ||     3
       Scroll            |       |     1 ||     1
 Stab: Sleeping          |     1 |     1 ||     2
  Eat: Chunk             |       |     4 ||     4
Armor: Leather armour    |    13 |    14 ||    27
Dodge: Dodged            |    40 |    68 ||   108
       Rpst.: Long sword |    17 |    18 ||    35

Table legend:
 A = Non-vault XP
 B = Vault XP
 C = Vault XP percentage of total XP
 D = Non-vault monster count
 E = Vault monster count
 F = Vault count percentage of total count
                 A         B        C        D         E       F
            +---------+---------+-------+---------+---------+-------
      Total |     308 |      93 |  23.2 |      41 |       6 |  12.8
            +---------+---------+-------+---------+---------+-------
        D:1 |      18 |       0 |   0.0 |      10 |       0 |   0.0
        D:2 |      42 |       8 |  16.0 |      15 |       3 |  16.7
        D:3 |     160 |      85 |  34.7 |      12 |       3 |  20.0
        D:4 |      88 |       0 |   0.0 |       4 |       0 |   0.0
            +---------+---------+-------+---------+---------+-------
